 Dungeon Crawl Stone Soup version 0.31.0-9-g3a7656b989 (webtiles) character file.

Game seed: 2929659049024878753

1952 Dirian the Cleaver (level 8, -10/71 HPs)
             Began as a Minotaur Fighter on Jan 24, 2024.
             Hit by a boomerang thrown by an orc warrior (11 damage)
             ... on level 7 of the Dungeon.
             The game lasted 00:09:47 (5551 turns).

Dirian the Cleaver (Minotaur Fighter)               Turns: 5551, Time: 00:09:47

Health: -10/71     AC: 17    Str: 21    XL:     8   Next: 99%
Magic:  7/7        EV:  8    Int:  5    God:
Gold:   382        SH: 10    Dex: 10    Spells: 7/7 levels left

rFire   . . .        a - +1 war axe
rCold   + . .        c - +0 buckler
rNeg    . . .        w - +0 chain mail
rPois   +            (helmet restricted)
rElec   .            (no cloak)
rCorr   .            e - +5 pair of gloves "Ruemo" {+Blink rPois Str-2 Slay+2}
SInv    .            (no boots)
Will    +....        f - amulet of reflection Stlth
                     o - ring of willpower
HPRegen 0.31/turn    s - ring of protection from cold
MPRegen 0.10/turn

%: reflection
@: no status effects
A: horns 2, retaliatory headbutt
a: Evoke Blink


You were on level 7 of the Dungeon.
You visited 1 branch of the dungeon, and saw 7 of its levels.
You also visited: Sewer.

You collected 421 gold pieces.
You spent 39 gold pieces at shops.

Inventory:

Hand Weapons
 a - a +1 war axe (weapon)
 b - a +0 morningstar
Missiles
 u - 6 javelins (quivered)
Armour
 c - a +0 buckler (worn)
 e - the +5 pair of gloves "Ruemo" (worn) {+Blink rPois Str-2 Slay+2}
   (You found it on level 2 of the Dungeon)

   Str-2:     It affects your strength (-2).
   Slay+2:    It affects your accuracy & damage with ranged weapons and melee
   (+2).
   rPois:     It protects you from poison +Blink: It lets you blink.
 w - a +0 chain mail (worn)
Jewellery
 f - an amulet of reflection (around neck)
 o - a ring of willpower (left hand)
 r - the amulet of Past Mistakes {Faith Harm rElec Int-2 Dex+2}
   (You found it on level 6 of the Dungeon)

   [amulet of faith]

   Faith:     It allows you to gain divine favour quickly.
   Int-2:     It affects your intelligence (-2).
   Dex+2:     It affects your dexterity (+2).
   rElec:     It insulates you from electricity.
   Harm:      It increases damage dealt and taken.
 s - a ring of protection from cold (right hand)
Wands
 g - a wand of quicksilver (7)
Scrolls
 h - 2 scrolls of revelation
 j - a scroll of fear {unknown}
 k - a scroll of enchant weapon
 t - 7 scrolls of teleportation
Potions
 d - 2 potions of berserk rage
 i - 2 potions of mutation
 n - 2 potions of resistance
 p - a potion of heal wounds {unknown}
 q - 5 potions of curing
 v - a potion of haste {unknown}
 x - a potion of brilliance {unknown}


   Skills:
 + Level 6.5 Fighting
 + Level 10.1 Axes
 + Level 0.7 Throwing
 + Level 7.4 Armour
 + Level 6.2 Shields


You had 7 spell levels left.
You didn't know any spells.
Your spell library contained the following spells:

 Spells                   Type           Power      Damage    Failure   Level
 Kiss of Death            Conj/Necr      0%         2d5       98%         1
 Magic Dart               Conj           0%         1d3       98%         1
 Searing Ray              Conj           0%         2d4       99%         2
 Confusing Touch          Hex            0%         N/A       100%        3
 Frozen Ramparts          Ice            0%         1d1       100%        3
 Dispel Undead            Necr           0%         3d6       100%        4
 Fulminant Prism          Conj/Alch      0%         3d5       100%        4
 Leda's Liquefaction      Alch/Erth      0%         N/A       100%        4
 Petrify                  Alch/Erth      0%         N/A       100%        4
 Metabolic Englaciation   Hex/Ice        0%         N/A       100%        5


Dungeon Overview and Level Annotations

Branches:
Dungeon (7/15) Zot: 26557   Sewer (visited)
 Temple: D:4-7

Altars:
Fedhas
Gozag
Trog
Uskayaw
Xom

Shops:
D:6 [!*[[


Innate Abilities, Weirdness & Mutations

You have a pair of horns on your head.
You reflexively headbutt those who attack you in melee.


Message History

You are too injured to fight recklessly!
You are too injured to fight recklessly!
You are too injured to fight recklessly!
You are too injured to fight recklessly!
You are too injured to fight recklessly!
You are too injured to fight recklessly!
You are too injured to fight recklessly!
You are too injured to fight recklessly!
You are too injured to fight recklessly!
You hit the orc priest but do no damage.
You hit the orc warrior. You barely miss the ice beast. You hit the orc.
You block the ice beast's attack. You block the orc priest's attack.
The orc warrior hits you but does no damage.
The orc hits you but does no damage.
You slash the orc priest!
The orc priest is almost dead.
You slash the orc warrior! You hit the ice beast but do no damage.
You closely miss the orc.
The ice beast hits you but does no damage.
You block the orc priest's attack. You block the orc's attack.
The orc warrior hits you with a +0 battleaxe!
You closely miss the orc priest.
The orc priest is almost dead.
You hit the ice beast. You hit the orc. You barely miss the orc warrior.
You block the ice beast's attack. You block the orc priest's attack.
The orc warrior hits you with a +0 battleaxe!
* * * LOW HITPOINT WARNING * * *
The orc closely misses you. You furiously retaliate!
You headbutt the orc!
You kill the orc!
You hit the orc priest.
You kill the orc priest!
You barely miss the orc warrior. You slash the ice beast!
The ice beast hits you but does no damage.
The orc warrior hits you with a +0 battleaxe!
* * * LOW HITPOINT WARNING * * *
Blink to where?
Press: ? - help, Dir - move target
As you read the scroll of blinking, it crumbles to dust.
The orc warrior throws a boomerang.
The boomerang hits you!
You die...

#)### ....#+####.# ...#
).###### #..........# ...
........ #..........####.####.
)....... #............o.......
..........+............Y).....#
..........#...........))).....#
##..§§....#...................#
...§§≈≈≈≈.........#############
...≈§≈≈≈≈.......@.#
..§§≈.>§≈.........#
...§≈_.§§.........#
..§≈≈≈≈§§.........###
...≈≈≈≈≈≈.###.......#
.§.......§..#.......#
...#........#.......#
...#........#.......#
...#........#.......#


You could see an orc warrior and an ice beast.

Vanquished Creatures
  Menkaure (D:4)
  A water moccasin (D:6)
  A sky beast (D:7)
  A centaur (D:7)
  3 phantoms
  3 bullfrogs
  3 scorpions
  A howler monkey (D:6)
  A jelly (D:7)
  3 orc priests
  3 hounds
  A gnoll bouda (D:7)
  3 iguanas
  2 sleepcaps
  7 orc wizards
  9 gnolls
  11 adders
  A white imp (D:7)
  4 ufetubi
  4 ribbon worms
  7 dart slugs
  34 orcs
  7 ball pythons
  6 endoplasms
  12 giant cockroaches
  5 hobgoblins
  12 kobolds
  4 quokkas
  A bat (D:1)
  12 frilled lizards
  7 goblins
  8 rats
178 creatures vanquished.

Notes
Turn   | Place    | Note
-------+----------+-------------------------------------------
     0 | D:1      | Dirian the Minotaur Fighter began the quest for the Orb.
     0 | D:1      | Reached XP level 1. HP: 19/19 MP: 0/0
   275 | D:1      | Reached XP level 2. HP: 27/27 MP: 1/1
   755 | D:2      | Noticed a scorpion
   765 | D:2      | Killed a scorpion
   766 | D:2      | Reached skill level 3 in Axes
   766 | D:2      | Reached XP level 3. HP: 28/33 MP: 2/2
   766 | D:2      | Reached XP level 4. HP: 34/40 MP: 3/3
   791 | D:2      | Found a hide-covered altar of Uskayaw.
   861 | D:2      | Found a faded altar of an unknown god.
  1020 | D:2      | Identified the +5 pair of gloves "Ruemo" {+Blink rPois
                  | Str-2 Slay+2}
  1142 | D:2      | Reached skill level 4 in Axes
  1854 | D:3      | Reached XP level 5. HP: 46/47 MP: 4/4
  1858 | D:3      | Reached skill level 5 in Armour
  2031 | D:4      | Reached skill level 5 in Axes
  2124 | D:4      | Noticed a phantom
  2130 | D:4      | Reached XP level 6. HP: 32/55 MP: 5/5
  2134 | D:4      | Reached skill level 5 in Fighting
  2162 | D:4      | Noticed Menkaure
  2166 | D:4      | Reached skill level 6 in Axes
  2169 | D:4      | Killed Menkaure
  2170 | D:4      | Reached XP level 7. HP: 12/61 MP: 6/6
  2766 | D:4      | Found a shimmering altar of Xom.
  3015 | D:4      | Found an opulent altar of Gozag.
  3169 | D:5      | Entered Level 5 of the Dungeon
  3242 | D:5      | Reached skill level 7 in Axes
  3810 | D:6      | Reached skill level 5 in Shields
  3821 | D:6      | Found a glowing drain.
  3832 | Sewer    | Entered a sewer
  4080 | Sewer    | Reached skill level 8 in Axes
  4089 | Sewer    | Reached XP level 8. HP: 70/70 MP: 7/7
  4467 | D:6      | Found Saball's General Store.
  4527 | D:6      | Found Toqet's Armour Shop.
  4631 | D:6      | Found Ifiel's Antique Armour Shop.
  4636 | D:6      | Identified the amulet "Viaraghe" {RegenMP Dex+3}
  4644 | D:6      | Identified the amulet of Past Mistakes {Faith Harm rElec
                  | Int-2 Dex+2}
  4704 | D:6      | Reached skill level 9 in Axes
  4731 | D:6      | Found Rycwaz's Distillery.
  4739 | D:6      | Bought a potion of curing for 39 gold pieces
  4926 | D:6      | Found Vuahac's Armour Shop.
  5251 | D:7      | Found a bloodstained altar of Trog.
  5303 | D:7      | Found a blossoming altar of Fedhas.
  5320 | D:7      | Reached skill level 10 in Axes
  5550 | D:7      | HP: 1/71 [orc warrior/+0 battleaxe (16)]
  5551 | D:7      | Hit by a boomerang thrown by an orc warrior

Illustrated notes

Levels and vault maps discovered:
D:1:      minmay_arrival_stone_box, layout_loops_ring, serial_glass,
          glass_columns_a, glass_columns_b
D:2:      layout_loops_ring, basic_altar, shapermc_ecumenical_altar_flowoftime,
          grunt_ministairs_4
D:3:      layout_basic
D:4:      layout_basic, mainiacjoe_overflow_swirl, minmay_close_crescents,
          uniq_menkaure
D:5:      layout_loops_cross
D:6:      layout_gridville, mainiacjoe_sewer_entry_somewhere_in_here_1,
          serial_shops, nicolae_shop_industrial_runoff, shop, shop, shop, shop,
          chequers_garden, minivault_1
D:7:      layout_gridville, general_overflow_altar, kennysheep_mini_moat,
          trog_book, old_standard_altar, temple_pool_b, uniq_joseph

Skill      XL: |  1  2  3  4  5  6  7  8 |
---------------+-------------------------+-----
Armour         | 4 5 6 7 |  7.4
Fighting       | 4 5 6 |  6.5
Shields        | 4 5 6 |  6.2
Axes           | 3 4 5 6 8 10 | 10.1
Throwing       | |  0.7

Action                     |  1- 3 |  4- 6 |  7- 9 || total
---------------------------+-------+-------+-------++-------
  Melee: War axe           |    47 |    89 |   212 ||   348
         Headbutt          |     7 |    11 |    37 ||    55
  Throw: Javelin           |       |       |     5 ||     5
    Use: Scroll            |       |     8 |     4 ||    12
         Potion            |       |     1 |       ||     1
 Armour: Scale mail        |    34 |    30 |       ||    64
         Chain mail        |       |    41 |   136 ||   177
  Dodge: Dodged            |    21 |    36 |    64 ||   121
  Block: Buckler           |    13 |    21 |   116 ||   150
         Reflection        |       |       |    14 ||    14
